 Dungeon Crawl Stone Soup version 0.22-a0-388-g09e6169 (webtiles) character file.

4 Firecrotchwizard the Sneak (level 1, 0/9 HPs)
             Began as a Vine Stalker Enchanter on Apr 29, 2018.
             Slain by a kobold
             ... wielding a +0 short sword
              (1 damage)
             ... on level 1 of the Dungeon.
             The game lasted 00:00:54 (190 turns).

Firecrotchwizard the Sneak (Vine Stalker Enchanter)  Turns: 190, Time: 00:00:54

Health: 0/9        AC:  2    Str: 10    XL:     1   Next: 60%
Magic:  0/4        EV: 12    Int: 15    God:
Gold:   0          SH:  0    Dex: 14    Spells: 3/4 levels left

rFire    . . .     SeeInvis .   a - +1 dagger
rCold    . . .     Gourm    .   (no shield)
rNeg     . . .     Faith    .   b - +0 robe
rPois    .         Spirit   +   (no helmet)
rElec    .         Reflect  .   (no cloak)
rCorr    .         Harm     .   (no gloves)
MR       .....                  (no boots)
Stlth    ++........             (no amulet)
HPRegen  0.03/turn              (no ring)
MPRegen  0.09/turn              (no ring)

@: no status effects
A: fangs 2, magic shield, antimagic bite, no potion heal 3, rot immunity
a: no special abilities


You were on level 1 of the Dungeon.
You were not hungry.

You visited 1 branch of the dungeon, and saw 1 of its levels.

Inventory:

Hand Weapons
 a - a +1 dagger (weapon)
Armour
 b - a +0 robe (worn)
Comestibles
 d - a ration {@e1}


   Skills:
 + Level 1.0 Short Blades
 - Level 1.5 Dodging
 + Level 3.7 Stealth
 + Level 2.2 Spellcasting
 + Level 3.0 Hexes


You had 3 spell levels left.
You knew the following spells:

 Your Spells              Type           Power        Failure   Level  Hunger
v - Corona                Hex            ##.....      6%          1    #......


Dungeon Overview and Level Annotations

Branches:
Dungeon (1/15)

Altars:


Innate Abilities, Weirdness & Mutations

You have extremely sharp teeth.
When hurt, damage is shared between your health and your magic reserves.
Your bite disrupts and absorbs the magic of your enemies.
Potions cannot restore your health.
You are immune to rotting.


Message History

Welcome, Firecrotchwizard the Vine Stalker Enchanter.
It is said that the Orb of Zot exists deep within this dungeon.
Found a staircase leading out of the dungeon.
A bat and a kobold come into view.
The kobold shouts!
There is a staircase leading out of the dungeon here.
You don't know that spell.
Okay, then.
You hit the kobold but do no damage. Your bite misses the kobold.
The kobold hits you but does no damage.
You barely miss the kobold. Your bite misses the kobold.
The kobold hits you with a dagger. The bat closely misses you.
You take 2 damage, and have 7/9 hp.
MASSIVE DAMAGE!!
Unknown command.
You closely miss the kobold. You bite the kobold, but do no damage.
The bat hits you. The kobold hits you with a dagger.
You take 3 damage, and have 4/9 hp.
MASSIVE DAMAGE!!
You completely miss the kobold. Your bite misses the kobold.
The bat barely misses you. The kobold hits you with a dagger.
You now have 3/4 mp.
You hit the kobold but do no damage. You bite the kobold. You drain its power.
You feel invigorated. The bat barely misses you. The bat hits you.
The kobold misses you.
You hit the kobold.
You kill the kobold!
The bat barely misses you. The bat misses you.
Unknown command.
The bat hits you but does no damage.
You see here a dagger.
The bat hits you but does no damage.
You hit the bat.
You kill the bat!
Your Short Blades skill increases to level 1!
You see here a dagger.
You start resting.
Health restored: 9; MP restored: 4
Found an escape hatch in the floor.
Found a stone staircase leading down.
There is an escape hatch in the floor here.
A goblin comes into view. It is wielding a club.
A dart slug comes into view.
Found a scroll labeled FEGANY VILOWK.
Found a stone staircase leading down.
A kobold and a dart slug come into view.
The goblin shouts!
The kobold shouts!
You hit the goblin but do no damage. The goblin barely misses you.
You hit the goblin.
You kill the goblin!
The dart slug launches a dart at you. The slug dart hits you!
The kobold hits you with a short sword.
* * * LOW HITPOINT WARNING * * *
You take 7 damage, and have 2/9 hp.
MASSIVE DAMAGE!!
You now have 1/4 mp.
The kobold barely misses you. The dart slug bites you.
* * * LOW HITPOINT WARNING * * *
You take 1 damage, and have 1/9 hp.
You now have 0/4 mp.
You hit the dart slug. The kobold barely misses you.
You hit the dart slug. You bite the dart slug. You drain its power.
You feel invigorated.
The dart slug bites you but does no damage.
The kobold hits you with a short sword.
You die...

....#..... ...?.
...###..#####.##.#.#
....#............>.#
........###........#
#.......##.........#
#######....(.......#
#..........(....#
#.###.#.........##.#
#..........@w...#
#..#..##.#K.#####
.w.........)..#
###.######.......#
#. #.......# #
#.......# #...[...#
#.......# #.......#


You could see a dart slug and a kobold.

Vanquished Creatures
  A bat (D:1)
  A goblin (D:1)
  A kobold (D:1)
3 creatures vanquished.

Notes
Turn   | Place    | Note
-------+----------+-------------------------------------------
     0 | D:1      | Firecrotchwizard the Vine Stalker Enchanter began the quest for the Orb.
     0 | D:1      | Reached XP level 1. HP: 9/9 MP: 4/4
    30 | D:1      | Reached skill level 1 in Short Blades
   187 | D:1      | HP: 2/9 [kobold/short sword (4)]
   190 | D:1      | Slain by a kobold

Vault maps used:
D:1:      minmay_arrival_five_plusses

Skill      XL: |  1 |
---------------+----+-----
Short Blades   | 1 |  1.0
Dodging        | |  1.5
Stealth        | |  3.7
Spellcasting   | |  2.2
Hexes          | |  3.0

Action                   || total
-------------------------++-------
Melee: Dagger            ||    11
       Bite              ||     3
Armor: Robe              ||     3
Dodge: Dodged            ||     9

Table legend:
 A = Spawn XP
 B = Non-spawn XP
 C = Spawn XP percentage of total XP
 D = Spawn monster count
 E = Non-spawn monster count
 F = Spawn count percentage of total count
 G = Total turns spent on level
                    A         B        C        D         E        F      G
               +---------+---------+-------+---------+---------+-------+---------
         Total |       0 |       6 |   0.0 |       0 |       3 |   0.0 |   190
               +---------+---------+-------+---------+---------+-------+---------
           D:1 |       0 |       6 |   0.0 |       0 |       3 |   0.0 |   190
               +---------+---------+-------+---------+---------+-------+---------

Vault maps used:
D:1:      minmay_arrival_five_plusses

Table legend:
 A = Turns spent in this place as a percentage of turns spent in the entire game.
 B = Non-inter-level travel turns spent in this place as a percentage of non-inter-level travel turns spent in the entire game.
 C = Inter-level travel turns spent in this place as a percentage of turns spent in this place.
 D = Turns resting spent in this place as a percentage of non-inter-level travel turns spent in this place.
 E = Turns spent auto-exploring this place as a percentage of non-inter-level travel turns spent in this place.
 F = Non-inter-level travel turns spent in this place divided by the number of levels of this place that you've seen.
                   A       B       C       D       E      F
               +-------+-------+-------+-------+-------+----------------------
         Total | 100.0 | 100.0 |   0.0 |  71.1 |   6.3 | 190.0
       Dungeon | 100.0 | 100.0 |   0.0 |  71.1 |   6.3 | 190.0
               +-------+-------+-------+-------+-------+----------------------

Table legend:
 A = Kills in this place as a percentage of kills in entire the game.
 B = Kills by you in this place as a percentage of kills by you in the entire game.
 C = Kills by friends in this place as a percentage of kills by friends in the entire game.
 D = Other kills in this place as a percentage of other kills in the entire game.
 E = Experience gained in this place as a percentage of experience gained in the entire game.
 F = Experience gained in this place divided by the number of levels of this place that you have seen.
                   A       B       C       D       E      F
               +-------+-------+-------+-------+-------+----------------------
         Total | 100.0 | 100.0 |   N/A |   N/A | 100.0 |   6.0
       Dungeon | 100.0 | 100.0 |   N/A |   N/A | 100.0 |   6.0
               +-------+-------+-------+-------+-------+----------------------
